 Dungeon Crawl Stone Soup version 0.29-a0-334-gb41bcbb86e (webtiles) character file.

Game seed: 16596395900720043157

46 stormannn the Magician (level 3, -2/19 HPs)
             Began as a Deep Elf Air Elementalist on Apr 14, 2022.
             Slain by Robin
             ... wielding a +0 dagger
              (3 damage)
             ... on level 2 of the Dungeon.
             The game lasted 00:04:18 (1186 turns).

stormannn the Magician (Deep Elf Air Elementalist)  Turns: 1186, Time: 00:04:19

Health: -2/19      AC:  4    Str:  5    XL:     3   Next: 46%
Magic:  10/19      EV: 13    Int: 21    God:
Gold:   58         SH:  0    Dex: 15    Spells: 6/9 levels left

rFire   . . .      SeeInvis .   h - +1 dagger (drain)
rCold   . . .      Faith    .   (no shield)
rNeg    . . .      Spirit   .   a - +0 robe
rPois   .          Reflect  .   c - +0 helmet
rElec   .          Harm     .   (no cloak)
rCorr   .          Rampage  .   f - +0 pair of gloves
Will    .....                   (no boots)
Stlth   ++........              (no amulet)
HPRegen 0.06/turn               k - ring of magical power
MPRegen 0.16/turn               (no ring)

@: mighty, flying
A: no striking features
a: no special abilities


You were on level 2 of the Dungeon.
You visited 1 branch of the dungeon, and saw 2 of its levels.

You collected 58 gold pieces.

Inventory:

Hand Weapons
 h - a +1 dagger of draining (weapon)
Armour
 a - a +0 robe (worn)
 c - a +0 helmet (worn)
 f - a +0 pair of gloves (worn)
Jewellery
 k - a ring of magical power (left hand)
Scrolls
 d - a scroll of noise
 e - a scroll of teleportation
 g - a scroll of identify
 i - 2 scrolls of fog
 m - a scroll of torment {unknown}
Potions
 b - 2 potions of magic


   Skills:
 + Level 3.1 Dodging
 - Level 2.4 Stealth
 + Level 3.6 Spellcasting
 + Level 2.1 Conjurations
 + Level 3.4 Air Magic


You had 6 spell levels left.
You knew the following spells:

 Your Spells              Type           Power      Damage    Failure   Level
a - Shock                 Conj/Air       60%        1d6       4%          1
b - Static Discharge      Conj/Air       15%        N/A       6%          2

Your spell library contained the following spells:

 Spells                   Type           Power      Damage    Failure   Level
 Swiftness                Air            18%        N/A       9%          3
 Airstrike                Air            9%         N/A       30%         4
 Ozocubu's Armour         Ice            3%         N/A       36%         3
 Summon Guardian Golem    Hex/Summ       3%         N/A       36%         3
 Fulminant Prism          Conj/Hex       4%         3d6       63%         4
 Lightning Bolt           Conj/Air       7%         1d20      73%         5
 Silence                  Hex/Air        5%         N/A       86%         5
 Summon Mana Viper        Hex/Summ       3%         N/A       98%         5
 Orb of Destruction       Conj           6%         9d6       100%        7
 Ozocubu's Refrigeration  Ice            1%         4d5       100%        7
 Spellforged Servitor     Conj/Summ      4%         N/A       100%        7


Dungeon Overview and Level Annotations

Branches:
Dungeon (2/15)

Altars:
Gozag

Shops:
D:1 :

Annotations:
D:2 Robin, Sigmund


Message History

Okay, then.
Casting: Static Discharge (safe; 6% risk of failure)
Confirm with . or Enter, or press ? or * to list all spells.
Aiming: Shock (safe; 4% risk of failure)
Press: ? - help, Shift-Dir - straight line, f/p - Robin
Aim: Robin, wielding a +0 dagger, wearing a +0 animal skin and wearing a +0 helmet (79% to hit)
The zap hits the goblin.
The goblin is severely wounded.
The zap misses Robin.
Casting: Shock (safe; 4% risk of failure)
Confirm with . or Enter, or press ? or * to list all spells.
Aiming: Shock (safe; 4% risk of failure)
Press: ? - help, Shift-Dir - straight line, f - goblin
Aim: a goblin, wielding a +0 dagger (severely wounded, strong, 64% to hit)
The zap hits the goblin.
You kill the goblin!
Casting: Shock (safe; 4% risk of failure)
Confirm with . or Enter, or press ? or * to list all spells.
Aiming: Shock (safe; 4% risk of failure)
Press: ? - help, Shift-Dir - straight line, f - Robin
Aim: Robin, wielding a +0 dagger, wearing a +0 animal skin and wearing a +0 helmet (79% to hit)
The zap hits Robin.
Robin is moderately wounded.
Casting: Shock (safe; 4% risk of failure)
Confirm with . or Enter, or press ? or * to list all spells.
Aiming: Shock (safe; 4% risk of failure)
Press: ? - help, Shift-Dir - straight line, f/p - Robin
Aim: Robin, wielding a +0 dagger, wearing a +0 animal skin and wearing a +0 helmet (moderately wounded, 79% to hit)
Okay, then.
You feel very mighty all of a sudden.
Casting: Shock (safe; 4% risk of failure)
Confirm with . or Enter, or press ? or * to list all spells.
Robin is struck by an arc of lightning!
Robin is severely wounded.
You are struck by an arc of lightning.
* * * LOW HITPOINT WARNING * * *
Robin is struck by an arc of lightning.
Robin is almost dead.
The lightning grounds out.
Robin hits you with a +0 dagger.
You die...

#.............# #.........###.##
### #.........# #..# ##.#
########.<#### ##.## ##..#
..........## #..# #...## #
........รท..## ##.## #.#..## #
............### #..####.##..# #
..............#####..##..###.# #
................@g)..#..## #.# ##
............#..####....#####.###.
............##.# ##.)...........
...........###.####..)..####.....
..........## #...#.......###.....
#..#####..######.........##......
##.## ##................#..#....
##..### ##########.........##....
###...# ##.......#####....


You could see Robin.

Vanquished Creatures
  An adder (D:2)
  A worm (D:2)
  A giant cockroach (D:1)
  9 goblins
  4 hobgoblins
  4 jackals (D:1)
  A kobold (D:1)
  3 ball pythons
  3 bats
  3 frilled lizards (D:1)
30 creatures vanquished.

Notes
Turn   | Place    | Note
-------+----------+-------------------------------------------
     0 | D:1      | stormannn the Deep Elf Air Elementalist began the quest for
                  | the Orb.
     0 | D:1      | Reached XP level 1. HP: 10/10 MP: 6/6
   156 | D:1      | Reached XP level 2. HP: 11/15 MP: 0/8
   315 | D:1      | Learned a level 2 spell: Static Discharge
   395 | D:1      | Found Jet Riuxi's Book Shop.
   484 | D:1      | Got Qosierch's Grimoire of Malediction and Feathers
   721 | D:2      | Found an opulent altar of Gozag.
  1011 | D:2      | Reached XP level 3. HP: 19/19 MP: 10/10
  1045 | D:2      | Noticed Sigmund
  1151 | D:2      | Noticed Robin
  1186 | D:2      | Slain by Robin

Illustrated notes

Levels and vault maps discovered:
D:1:      amcnicky_arrival_blooded_trapdoor, layout_rooms, serial_shops,
          shop_statue
D:2:      layout_rooms, basic_altar, kennysheep_generic_room_3, uniq_robin,
          uniq_sigmund

Skill      XL: |  1  2  3 |
---------------+----------+-----
Dodging        | 3 |  3.1
Conjurations   | 2 |  2.1
Stealth        | |  2.4
Spellcasting   | |  3.6
Air Magic      | |  3.4

Action                   || total
-------------------------++-------
Melee: Unarmed           ||     1
 Cast: Shock             ||    46
       Static Discharge  ||     6
  Use: Potion            ||     3
       Scroll            ||     4
Armor: Robe              ||     2
Dodge: Dodged            ||     7

Table legend: (Time is in decaauts)
 A = Elapsed time spent in this place.
 B = Non-inter-level travel time spent in this place.
 C = Inter-level travel time spent in this place.
 D = Time resting spent in this place.
 E = Time spent auto-exploring this place.
 F = Levels seen in this place.
 G = Mean time per level.
                   A        B        C        D        E       F      G
               +--------+--------+--------+--------+--------+-----+--------+
         Total |   1184 |   1165 |     19 |    319 |    615 |   2 |  592.0 |
       Dungeon |   1184 |   1165 |     19 |    319 |    615 |   2 |  592.0 |
               +--------+--------+--------+--------+--------+-----+--------+

Top non-repeatable levels by time:
     D:1: 650 daAuts
     D:2: 534 daAuts
